 Dungeon Crawl Stone Soup version 0.27-a0-1191-g601b473118 (webtiles) character file.

Game seed: 455430913374104464

13614 flotson the Covert (level 12, -5/96 HPs)
             Began as a Gnoll Delver on May 23, 2021.
             Was an Initiate of Gozag.
             Killed from afar by Fannar (26 damage)
             ... with a bolt of cold
             ... on level 1 of the Lair of Beasts.
             The game lasted 00:33:00 (15090 turns).

flotson the Covert (Gnoll Delver)                  Turns: 15090, Time: 00:33:23

Health: -5/96      AC:  8    Str: 15    XL:     12   Next: 7%
Magic:  22/22      EV: 15    Int: 15    God:    Gozag
Gold:   467        SH: 11    Dex: 20    Spells: 20/24 levels left

rFire    . . .     SeeInvis +   a - +8 spear of Muuc {vamp, Dex+3}
rCold    . . .     Faith    .   s - +0 kite shield
rNeg     + . .     Spirit   .   E - +2 leather armour of Resilience {Harm Dex+3 SInv Stlth+}
rPois    .         Reflect  .   v - +0 helmet
rElec    .         Harm     +   (no cloak)
rCorr    .         Rampage  .   G - +0 pair of gloves
Will     .....                  (no boots)
Stlth    ++++++....             i - amulet of the acrobat
HPRegen  0.26/turn              B - ring of positive energy
MPRegen  0.18/turn              P - ring of Contention {Int+4 Slay+4}

@: no status effects
A: fangs 1, strong nose, distributed training
a: Renounce Religion, Potion Petition, Call Merchant, Bribe Branch


You were on level 1 of the Lair of Beasts.
You worshipped Gozag.
Gozag was aware of your devotion.
You visited 3 branches of the dungeon, and saw 12 of its levels.

You collected 1789 gold pieces.
You spent 1214 gold pieces at shops.
You paid 108 gold pieces to Gozag.

Inventory:

Hand Weapons
 a - the +8 spear of Muuc (weapon) {vamp, Dex+3}
   (You found it on level 10 of the Dungeon)

   It inflicts no extra harm, but heals its wielder when it wounds a living foe.
   It affects your dexterity (+3).
 b - a +0 hunting sling
 f - a +2 war axe of flaming
Missiles
 j - 28 sling bullets
 n - 40 poisoned darts
 w - 15 boomerangs (quivered)
 F - 7 throwing nets
 Q - 2 curare-tipped darts
 R - 4 boomerangs of dispersal
Armour
 s - a +0 kite shield (worn)
 v - a +0 helmet (worn)
 D - a +1 chain mail of poison resistance
 E - the +2 leather armour of Resilience (worn) {Harm Dex+3 SInv Stlth+}
   (You found it on level 6 of the Dungeon)

   It affects your dexterity (+3).
   It lets you see invisible.
   It increases damage dealt and taken.
   It makes you more stealthy.
 G - a +0 pair of gloves (worn)
Jewellery
 i - an amulet of the acrobat (around neck)
 B - a ring of positive energy (left hand)
 L - a ring of flight
 O - a ring of protection from cold
 P - the ring of Contention (right hand) {Int+4 Slay+4}
   (You bought it in a shop on level 6 of the Dungeon)

   [ring of slaying]

   It affects your intelligence (+4).
   It affects your accuracy and damage with ranged weapons and melee attacks
   (+4).
Wands
 g - a wand of digging (3)
 m - a wand of mindburst (14)
 z - a wand of polymorph (9)
 C - a wand of paralysis (5)
 J - a wand of iceblast (13)
Scrolls
 c - 2 scrolls of blinking {unknown}
 d - 4 scrolls of enchant armour {unknown}
 e - a scroll of fear
 h - 3 scrolls of teleportation {unknown}
 p - 4 scrolls of amnesia {unknown}
 q - 4 scrolls of identify
 r - 2 scrolls of noise {unknown}
 u - a scroll of fog
 y - a scroll of enchant weapon {unknown}
 A - a scroll of magic mapping
Potions
 k - 8 potions of curing
 l - 3 potions of ambrosia
 o - a potion of mutation
 t - a potion of haste
 x - a potion of resistance
 I - a potion of lignification
 K - a potion of cancellation
 M - a potion of heal wounds
 N - a potion of flight


   Skills:
 + Level 9.6 Fighting
 + Level 6.9 Short Blades
 + Level 6.9 Long Blades
 + Level 6.9 Axes
 + Level 6.9 Maces & Flails
 + Level 8.4 Polearms
 + Level 6.9 Staves
 + Level 6.9 Slings
 + Level 6.9 Bows
 + Level 6.9 Crossbows
 + Level 6.9 Throwing
 + Level 6.9 Armour
 + Level 8.4 Dodging
 + Level 11.6 Stealth
 + Level 6.9 Shields
 + Level 6.9 Unarmed Combat
 + Level 6.9 Spellcasting
 + Level 5.7 Conjurations
 + Level 5.7 Hexes
 + Level 5.7 Summonings
 + Level 5.7 Necromancy
 + Level 5.7 Translocations
 + Level 5.7 Transmutations
 + Level 5.7 Fire Magic
 + Level 5.7 Ice Magic
 + Level 5.7 Air Magic
 + Level 5.7 Earth Magic
 + Level 5.7 Poison Magic
 + Level 7.6 Invocations
 + Level 6.9 Evocations


You had 20 spell levels left.
You knew the following spells:

 Your Spells              Type           Power      Damage    Failure   Level
a - Animate Skeleton      Necr           44%        N/A       4%          1
b - Dazzling Flash        Conj/Hex       44%        N/A       13%         3

Your spell library contained the following spells:

 Spells                   Type           Power      Damage    Failure   Level
 Magic Dart               Conj           88%        1d7       4%          1
 Pain                     Necr           88%        1d8       4%          1
 Searing Ray              Conj           44%        3d4       7%          2
 Vampiric Draining        Necr           11%        2d7       13%         3
 Animate Dead             Necr           11%        N/A       41%         4
 Fulminant Prism          Conj/Hex       11%        3d9       41%         4
 Iskenderun's Mystic Bla  Conj/Tloc      22%        2d6       41%         4
 Agony                    Necr           22%        N/A       77%         5


Dungeon Overview and Level Annotations

Branches:
Dungeon (10/15)            Temple (1/1) D:6            Lair (1/6) D:9
    Orc (0/2) D:9

Altars:
Ashenzari
Cheibriados
Dithmenos
Elyvilon
Fedhas
Gozag
Hepliaklqana
Kikubaaqudgha
Makhleb
Nemelex Xobeh
Okawaru
Qazlal
Ru
Sif Muna
Trog
Uskayaw
Vehumet
Wu Jian
Xom
Yredelemnul
Zin
The Shining One

Shops:
D:6 =

Annotations:
D:5 2 runed translucent doors
D:6 1 runed translucent door, GEC's ghost, novice DjFE
Lair:1 Fannar


Innate Abilities, Weirdness & Mutations

You have very sharp teeth.
Your uncanny sense of smell can sniff out nearby items.
Your experience applies equally to all skills.


Message History

Fannar is severely wounded.
The ice beast misses you.
Fannar glares icily.
Fannar completely misses you.
A yak comes into view.
You hit Fannar.
Fannar is severely wounded.
The ice beast barely misses you.
Fannar points at you and mumbles some strange words.
The bolt of cold hits you!!!
Ouch! That really hurt!
The bolt of cold hits the ice beast.
The ice beast completely resists.
You hear a bellow!
You closely miss Fannar.
Fannar is severely wounded.
You hear a bellow!
The ice beast misses you.
Fannar hits you with a +0 quarterstaff of freezing.
* * * LOW HITPOINT WARNING * * *
Fannar freezes you.
* * * LOW HITPOINT WARNING * * *
You hear a bellow! x2
Aiming: Corrosive Bolt
Press: ? - help, Shift-Dir - straight line, f/p - Fannar
Aim: Fannar, wielding a +0 quarterstaff of freezing, wearing a +1 robe of cold resistance and wearing a ring of ice (severely wounded, 57% to hit)
The bolt of acid hits Fannar!
Fannar is splashed with acid!
The acid corrodes Fannar!
Fannar is almost dead.
The bolt of acid hits the yak!
The yak is splashed with acid!
The acid corrodes the yak!
The yak is severely wounded.
The bolt of acid hits the yak!
The yak is splashed with acid.
The acid corrodes the yak!
The yak is heavily wounded.
The now-empty wand crumbles to dust.
You block the ice beast's attack.
Fannar says, "Does this not give you the chills?"
Fannar casts a spell at you. The bolt of cold hits you!!
You die...
Your body crumbles into a pile of gold.

∆⌠.#####.....≈≈≈≈≈≈b≈≈.####.
. #......P.≈≈≈≈≈≈≈≈..####
##........P≈≈≈≈≈≈......
#..........≈≈≈≈P......
.......##......P≈≈≈P.....###
...##.. ##.:.....≈.....### #
#.. #......P##.....# # ###
##Y.....##.#....# #
#@#.#.#...#...## # ∆
#e###....###### #Y# .PP# .Y.
.P# ... #.... ## ...## #P
...# #. #.


You could see Fannar (corroded), 2 yaks and an ice beast (summoned).

Vanquished Creatures
  Erica (D:8)
  Harold (D:9)
  A hydra (Lair:1)
  6 cane toads (Lair:1)
  A komodo dragon (Lair:1)
  A rime drake (Lair:1)
  Psyche (D:9)
  2 hornets
  2 trolls (D:9)
  Grinder (D:6)
  5 yaks
  A vampire (D:8)
  3 wyverns
  2 basilisks (D:9)
  A steam dragon (D:9)
  2 water moccasins
  6 orc warriors
  2 sky beasts
  2 black bears
  An ice beast (D:7)
  A necrophage (D:6)
  6 ogres
  7 wolves (Lair:1)
  5 centaurs
  6 kobold brigands
  2 bullfrogs (Lair:1)
  A water moccasin zombie (D:5)
  A wyvern zombie (D:7)
  3 scorpions
  3 gnoll sergeants
  A wyvern skeleton (D:7)
  15 killer bees
  10 wights
  6 howler monkeys
  An electric eel (Lair:1)
  3 hounds
  3 centaur zombies
  A gnoll shaman (D:9)
  2 jellies
  2 orc priests (D:8)
  A bullfrog skeleton (D:6)
  Jessica (D:2)
  Ijyb (D:5)
  Terence (D:2)
  2 iguanas
  6 orc wizards
  A hound skeleton (D:4)
  Robin (D:2)
  18 gnolls
  A howler monkey skeleton (D:7)
  9 adders
  A shadow imp (D:7)
  A white imp (D:7)
  An adder skeleton (D:4)
  21 orcs
  5 ball pythons
  4 bats
  3 endoplasms
  A giant cockroach (D:1)
  12 goblins
  8 hobgoblins
  12 jackals
  A quokka (D:3)
  2 frilled lizards (D:1)
  15 kobolds
  A rat (D:2)
251 creatures vanquished.

Vanquished Creatures (others)
  5 dream sheep (D:7)
  A wyvern (D:9)
  8 plants
  2 withered plants (D:7)
16 creatures vanquished.

Grand Total: 267 creatures vanquished

Notes
Turn   | Place    | Note
-------+----------+-------------------------------------------
     0 | D:5      | Reached skill level 9 in Stealth
     0 | D:5      | flotson the Gnoll Delver began the quest for the Orb.
     0 | D:5      | Reached XP level 1. HP: 23/23 MP: 1/1
   112 | D:5      | Noticed a black bear
   120 | D:5      | Noticed Ijyb
   153 | D:5      | Reached XP level 2. HP: 14/29 MP: 1/3
   153 | D:5      | Reached XP level 3. HP: 17/35 MP: 1/4
   373 | D:5      | Reached skill level 1 in Short Blades
   373 | D:5      | Reached skill level 1 in Long Blades
   373 | D:5      | Reached skill level 1 in Axes
   373 | D:5      | Reached skill level 1 in Maces & Flails
   373 | D:5      | Reached skill level 1 in Staves
   373 | D:5      | Reached skill level 1 in Slings
   373 | D:5      | Reached skill level 1 in Bows
   373 | D:5      | Reached skill level 1 in Crossbows
   373 | D:5      | Reached skill level 1 in Throwing
   373 | D:5      | Reached skill level 1 in Armour
   373 | D:5      | Reached skill level 1 in Shields
   373 | D:5      | Reached skill level 1 in Unarmed Combat
   373 | D:5      | Reached skill level 1 in Spellcasting
   373 | D:5      | Reached skill level 1 in Conjurations
   373 | D:5      | Reached skill level 1 in Hexes
   373 | D:5      | Reached skill level 1 in Summonings
   373 | D:5      | Reached skill level 1 in Necromancy
   373 | D:5      | Reached skill level 1 in Translocations
   373 | D:5      | Reached skill level 1 in Transmutations
   373 | D:5      | Reached skill level 1 in Fire Magic
   373 | D:5      | Reached skill level 1 in Ice Magic
   373 | D:5      | Reached skill level 1 in Air Magic
   373 | D:5      | Reached skill level 1 in Earth Magic
   373 | D:5      | Reached skill level 1 in Poison Magic
   373 | D:5      | Reached skill level 1 in Invocations
   373 | D:5      | Reached skill level 1 in Evocations
   373 | D:5      | Reached XP level 4. HP: 11/41 MP: 5/5
   868 | D:4      | Reached XP level 5. HP: 18/47 MP: 5/7
  2880 | D:2      | Noticed Jessica
  2893 | D:2      | Killed Jessica
  2894 | D:2      | Reached XP level 6. HP: 49/53 MP: 8/8
  3097 | D:2      | Noticed Terence
  3103 | D:2      | Killed Terence
  3259 | D:2      | Noticed Robin
  3267 | D:2      | Killed Robin
  3430 | D:2      | Reached skill level 5 in Polearms
  3430 | D:2      | Reached skill level 5 in Dodging
  4123 | D:3      | Found a faded altar of an unknown god.
  4819 | D:3      | Reached XP level 7. HP: 51/59 MP: 10/10
  5563 | D:5      | Found a runed translucent door.
  5587 | D:5      | Found a runed translucent door.
  5754 | D:5      | Killed Ijyb
  5761 | D:5      | Reached skill level 10 in Stealth
  5761 | D:5      | Reached XP level 8. HP: 54/67 MP: 12/12
  6155 | D:6      | Found Lifef's Jewellery Shop.
  6459 | D:6      | Found a runed translucent door.
  6459 | D:6      | Noticed GEC's ghost (novice DjFE)
  6459 | D:6      | Noticed a death knight
  6464 | D:6      | Noticed Grinder
  6500 | D:6      | Killed Grinder
  6626 | D:6      | Reached XP level 9. HP: 62/72 MP: 14/14
  6726 | D:6      | Identified the +2 leather armour of Resilience {Harm Dex+3
                  | SInv Stlth+}
  6837 | D:6      | Found a glowing golden altar of the Shining One.
  6969 | D:6      | Found a staircase to the Ecumenical Temple.
  6980 | Temple   | Entered the Ecumenical Temple
  7066 | Temple   | Became a worshipper of Gozag Ym Sagoz the Greedy
  7083 | D:6      | Upgraded the game from 0.27-a0-1189-gb8eb6cee8e to
                  | 0.27-a0-1191-g601b473118
  8343 | D:7      | Found a blossoming altar of Fedhas.
  8347 | D:7      | Found an ancient bone altar of Kikubaaqudgha.
  8557 | D:7      | Learned a level 1 spell: Animate Skeleton
  8561 | D:7      | Learned a level 3 spell: Dazzling Flash
  8642 | D:7      | Reached skill level 5 in Invocations
  8869 | D:7      | Found a shimmering altar of Xom.
  9498 | D:8      | Noticed Erica
  9506 | D:8      | Killed Erica
  9507 | D:8      | Reached skill level 5 in Short Blades
  9507 | D:8      | Reached skill level 5 in Long Blades
  9507 | D:8      | Reached skill level 5 in Axes
  9507 | D:8      | Reached skill level 5 in Maces & Flails
  9507 | D:8      | Reached skill level 5 in Staves
  9507 | D:8      | Reached skill level 5 in Slings
  9507 | D:8      | Reached skill level 5 in Bows
  9507 | D:8      | Reached skill level 5 in Crossbows
  9507 | D:8      | Reached skill level 5 in Throwing
  9507 | D:8      | Reached skill level 5 in Armour
  9507 | D:8      | Reached skill level 5 in Shields
  9507 | D:8      | Reached skill level 5 in Unarmed Combat
  9507 | D:8      | Reached skill level 5 in Spellcasting
  9507 | D:8      | Reached skill level 5 in Evocations
  9507 | D:8      | Reached XP level 10. HP: 62/81 MP: 17/17
 10649 | D:9      | Noticed Harold
 10659 | D:9      | Killed Harold
 10919 | D:9      | Found a hazy altar of Hepliaklqana.
 10920 | D:9      | Found a bloodstained altar of Trog.
 10922 | D:9      | Found a radiant altar of Vehumet.
 11086 | D:8      | Reached skill level 11 in Stealth
 11369 | D:9      | Noticed Psyche
 11428 | D:9      | Killed Psyche
 11460 | D:9      | Found a basalt altar of Yredelemnul.
 11463 | D:9      | Found a stormy altar of Qazlal.
 11465 | D:9      | Found a shimmering blue altar of Sif Muna.
 11466 | D:9      | Found a hide-covered altar of Uskayaw.
 11510 | D:9      | Reached XP level 11. HP: 17/87 MP: 19/19
 11849 | D:9      | Found a staircase to the Orcish Mines.
 11937 | D:9      | Reached skill level 5 in Conjurations
 11937 | D:9      | Reached skill level 5 in Hexes
 11937 | D:9      | Reached skill level 5 in Summonings
 11937 | D:9      | Reached skill level 5 in Necromancy
 11937 | D:9      | Reached skill level 5 in Translocations
 11937 | D:9      | Reached skill level 5 in Transmutations
 11937 | D:9      | Reached skill level 5 in Fire Magic
 11937 | D:9      | Reached skill level 5 in Ice Magic
 11937 | D:9      | Reached skill level 5 in Air Magic
 11937 | D:9      | Reached skill level 5 in Earth Magic
 11937 | D:9      | Reached skill level 5 in Poison Magic
 12681 | D:9      | Found a staircase to the Lair.
 13233 | D:6      | Bought the ring of Contention {Int+4 Slay+4} for 1214 gold
                  | pieces
 13282 | D:10     | Entered Level 10 of the Dungeon
 13774 | D:10     | Identified the +8 spear of Muuc {vamp, Dex+3}
 14341 | Lair:1   | Entered Level 1 of the Lair of Beasts
 14443 | Lair:1   | Noticed an eight-headed hydra
 14576 | Lair:1   | Killed an eight-headed hydra
 15031 | Lair:1   | Noticed Fannar
 15033 | Lair:1   | Reached XP level 12. HP: 96/96 MP: 22/22
 15090 | Lair:1   | Killed from afar by Fannar

Illustrated notes

Levels and vault maps discovered:
D:1:      dpeg_arrival_solitude, layout_basic
D:2:      layout_loops_ring, serial_forest, infiniplex_forest_clump_tiny,
          infiniplex_forest_straight_2, infiniplex_forest_lined_3,
          infiniplex_forest_clump_medium, uniq_jessica, uniq_terence, uniq_robin
D:3:      layout_loops_ring, hellmonk_ecumenical_altar_pennies_from_heaven
D:4:      layout_cave_pools, serial_rivers, chequers_serial_rivers_small_b,
          chequers_serial_rivers_small_b, chequers_serial_rivers_micro_b,
          chequers_serial_rivers_micro_d, chequers_serial_rivers_large_a
D:5:      lemuel_insect_pit, layout_basic, hex_tiny, uniq_ijyb
D:6:      layout_layer_cave, kennysheep_mini, minmay_temple_entry_glass,
          ebering_ghost_inner_flame, serial_shops, shop, uniq_grinder
D:7:      layout_rooms, grunt_temple_overflow_growth_and_decay,
          kb_xom_exploding_sheep, kennysheep_generic_room_10
D:8:      layout_basic, nrook_mini_vaults, uniq_erica
D:9:      layout_rooms, grunt_temple_overflow_open, david_lair_generic,
          kennysheep_orc_monster_closet_entryway, st_stairs_11,
          hangedman_decor_slide_cut, corexii_leaking_fountain, uniq_harold,
          uniq_psyche
D:10:     layout_basic, kennysheep_generic_room_15
Temple:   jpeg_temple_clearing
Lair:1:   layout_misc_corridors, fungi_pond_lemuel, grunt_megastairs_5,
          infiniplex_staircase_pool_2, serial_bayou_shore_a,
          lemuel_fruit_fields, serial_bayou_shore_b, serial_bayou_shore_b,
          serial_bayou_shore_b, uniq_fannar

Skill      XL: |  1  2  3  4  5  6  7  8  9 10 11 |
---------------+----------------------------------+-----
Stealth        | 10 11 | 11.6
Short Blades   | 1 2 3 5 6 |  6.9
Long Blades    | 1 2 3 5 6 |  6.9
Axes           | 1 2 3 5 6 |  6.9
Maces & Flails | 1 2 3 5 6 |  6.9
Staves         | 1 2 3 5 6 |  6.9
Slings         | 1 2 3 5 6 |  6.9
Bows           | 1 2 3 5 6 |  6.9
Crossbows      | 1 2 3 5 6 |  6.9
Throwing       | 1 2 3 5 6 |  6.9
Armour         | 1 2 3 5 6 |  6.9
Shields        | 1 2 3 5 6 |  6.9
Unarmed Combat | 1 2 3 5 6 |  6.9
Spellcasting   | 1 2 3 5 6 |  6.9
Conjurations   | 1 2 3 4 5 |  5.7
Hexes          | 1 2 3 4 5 |  5.7
Summonings     | 1 2 3 4 5 |  5.7
Necromancy     | 1 2 3 4 5 |  5.7
Translocations | 1 2 3 4 5 |  5.7
Transmutations | 1 2 3 4 5 |  5.7
Fire Magic     | 1 2 3 4 5 |  5.7
Ice Magic      | 1 2 3 4 5 |  5.7
Air Magic      | 1 2 3 4 5 |  5.7
Earth Magic    | 1 2 3 4 5 |  5.7
Poison Magic   | 1 2 3 4 5 |  5.7
Invocations    | 1 2 3 4 5 6 7 |  7.6
Evocations     | 1 2 3 5 6 |  6.9
Polearms       | 5 6 7 8 |  8.4
Dodging        | 5 6 7 8 |  8.4
Fighting       | 7 8 9 |  9.6

Action                   |  1- 3 |  4- 6 |  7- 9 | 10-12 || total
-------------------------+-------+-------+-------+-------++-------
Melee: Quarterstaff      |    18 |   110 |       |       ||   128
       Bite              |     3 |    15 |    29 |    47 ||    94
       Spear             |       |   143 |     6 |   180 ||   329
       Short sword       |       |       |   285 |       ||   285
       Dagger            |       |       |    22 |       ||    22
       Long sword        |       |       |     8 |       ||     8
       Scimitar          |       |       |       |   164 ||   164
       War axe           |       |       |       |    30 ||    30
 Fire: Hunting sling     |       |     8 |    33 |    33 ||    74
Throw: Dart              |       |    10 |     8 |    19 ||    37
       Boomerang         |       |       |       |     3 ||     3
       Throwing net      |       |       |       |     2 ||     2
Evoke: Wand              |       |       |     5 |     7 ||    12
  Use: Potion            |       |     3 |       |       ||     3
       Scroll            |       |       |     7 |     2 ||     9
 Stab: Sleeping          |     1 |    17 |    11 |     8 ||    37
       Paralysed         |       |       |     1 |       ||     1
       Distracted        |       |       |     1 |     7 ||     8
       Held in net/web   |       |       |       |     1 ||     1
Armor: Ring mail         |    11 |    52 |     9 |       ||    72
       Chain mail        |       |       |    76 |    32 ||   108
       Leather armour    |       |       |    24 |    65 ||    89
Dodge: Dodged            |     8 |   147 |   137 |   211 ||   503
Block: Buckler           |       |    13 |    60 |       ||    73
       Kite shield       |       |       |     6 |   225 ||   231
       Rpst.: Long sword |       |       |     1 |       ||     1
       Scimitar          |       |       |       |    24 ||    24

Table legend: (Time is in decaauts)
 A = Elapsed time spent in this place.
 B = Non-inter-level travel time spent in this place.
 C = Inter-level travel time spent in this place.
 D = Time resting spent in this place.
 E = Time spent auto-exploring this place.
 F = Levels seen in this place.
 G = Mean time per level.
                   A        B        C        D        E       F      G
               +--------+--------+--------+--------+--------+-----+--------+
         Total |  15144 |  14654 |    490 |   2375 |   9547 |  12 | 1262.0 |
       Dungeon |  14168 |  13693 |    475 |   2252 |   8930 |  10 | 1416.8 |
        Temple |    245 |    230 |     15 |    123 |     78 |   1 |  245.0 |
          Lair |    730 |    730 |      0 |      0 |    538 |   1 |  730.0 |
               +--------+--------+--------+--------+--------+-----+--------+

Top non-repeatable levels by time:
     D:9: 2255 daAuts
     D:6: 1808 daAuts
     D:8: 1731 daAuts
     D:5: 1315 daAuts
     D:7: 1306 daAuts
     D:1: 1225 daAuts
     D:4: 1173 daAuts
     D:3: 1154 daAuts
     D:2: 1150 daAuts
    D:10: 1047 daAuts
  Lair:1: 730 daAuts
  Temple: 245 daAuts
